 Dungeon Crawl Stone Soup version 0.31-a0-845-g9abc20d24f (webtiles) character file.

Game seed: 1815158622524596957

70 IdlyInterested the Chucker (level 4, -1/36 HPs)
             Began as a Demonspawn Wanderer on Oct 2, 2023.
             Slain by Grinder (3 damage)
             ... on level 3 of the Dungeon.
             The game lasted 00:05:26 (1514 turns).

IdlyInterested the Chucker (Demonspawn Wanderer)    Turns: 1514, Time: 00:05:28

Health: -1/36      AC: 10    Str: 13    XL:     4   Next: 4%
Magic:  5/5        EV: 10    Int: 14    God:
Gold:   72         SH:  0    Dex: 13    Spells: 4/5 levels left

rFire   + . .        v - +4 quarterstaff (chaos)
rCold   . . .        (shield currently unavailable)
rNeg    . . .        y - +0 ring mail
rPois   .            c - +0 helmet
rElec   .            w - +1 cloak {rCorr}
rCorr   +            (no gloves)
SInv    .            (no boots)
Will    .....        (no amulet)
Stlth   +            q - ring of protection from fire
HPRegen 0.26/turn    (no ring)
MPRegen 0.09/turn

%: no passive effects
@: no status effects
A: rugged brown scales 2, powered by death 1
a: no special abilities


You were on level 3 of the Dungeon.
You visited 1 branch of the dungeon, and saw 3 of its levels.

You collected 72 gold pieces.

Inventory:

Hand Weapons
 a - a +2 dagger
 e - a +0 spear
 m - a +0 rapier
 v - a +4 quarterstaff of chaos (weapon)
Missiles
 b - a curare-tipped dart
 f - 9 stones (quivered)
 g - 3 silver javelins
 l - 3 throwing nets
Armour
 c - a +0 helmet (worn)
 r - a +0 robe
 u - a +0 robe
 w - a +1 cloak of preservation (worn)
 y - a +0 ring mail (worn)
Jewellery
 q - a ring of protection from fire (left hand)
Scrolls
 i - a scroll of vulnerability
 k - a scroll of revelation {unknown}
 n - a scroll of acquirement {unknown}
 o - a scroll of blinking {unknown}
 s - a scroll of poison {unknown}
 t - a scroll of identify {unknown}
 x - a scroll of fog
Potions
 d - a potion of berserk rage
 h - a potion of attraction {unknown}
 j - 2 potions of heal wounds {unknown}
 p - a potion of enlightenment {unknown}


   Skills:
 * Level 3.4 Fighting
 - Level 4.0 Throwing
 + Level 0.0 Armour
 - Level 2.0 Stealth
 - Level 1.0 Spellcasting
 - Level 2.0 Conjurations


You had 4 spell levels left.
You knew the following spells:

 Your Spells              Type           Power      Damage    Failure   Level
a - Shock                 Conj/Air       12%        1d3       36%         1

Your spell library contained the following spells:

 Spells                   Type           Power      Damage    Failure   Level
 Apportation              Tloc           0%         N/A       50%         1
 Necrotise                Necr           0%         1d4       50%         1
 Sting                    Tmut/Pois      0%         1d3       50%         1
 Summon Small Mammal      Summ           0%         N/A       50%         1
 Poisonous Vapours        Pois/Air       0%         N/A       65%         2
 Stone Arrow              Conj/Erth      6%         3d7       75%         3
 Gell's Gravitas          Tloc           0%         N/A       86%         3
 Teleport Other           Tloc           0%         N/A       86%         3
 Olgreb's Toxic Radiance  Pois           0%         N/A       99%         4
 Vhi's Electric Charge    Tloc/Air       0%         N/A       99%         4
 Arcjolt                  Conj/Air       1%         1d11      100%        5
 Dispersal                Tloc           0%         N/A       100%        6
 Monstrous Menagerie      Summ           0%         N/A       100%        7


Dungeon Overview and Level Annotations

Branches:
Dungeon (3/15)

Altars:

Annotations:
D:3 Grinder


Innate Abilities, Weirdness & Mutations

You are mostly covered in rugged brown scales. (AC +2, +5% HP)
You regenerate a little health from kills.


Message History

You now have 72 gold pieces (gained 12).
Grinder gestures at you. Pain shoots through your body!
You hit Grinder but do no damage.
Grinder is moderately wounded.
Grinder gestures at you.
You suddenly lose the ability to move!
Grinder hits you but does no damage. x2
You can move again.
You hit Grinder.
Grinder is heavily wounded.
Grinder hits you.
You writhe in agony.
You closely miss Grinder.
Grinder is heavily wounded.
Grinder says, "There's only one good use for a tongue: cutting it out."
Grinder gestures at you. You resist with significant effort. Grinder hits you.
You writhe in agony.
You hit Grinder.
Grinder convulses.
Grinder is severely wounded.
Grinder hits you.
You writhe in agony.
You hit Grinder.
Grinder's magic leaks into the air.
Grinder is severely wounded.
Grinder gestures at you.
You suddenly lose the ability to move!
Grinder hits you.
You writhe in agony.
Grinder's magic is no longer disrupted.
Grinder hits you!
* * * LOW HITPOINT WARNING * * *
Grinder blinks! x2
You can move again.
You closely miss Grinder.
Grinder is severely wounded.
Grinder gestures at you. You resist with significant effort.
You hit Grinder.
Grinder convulses.
Grinder is almost dead.
Grinder barely misses you. Grinder hits you.
* * * LOW HITPOINT WARNING * * *
You writhe in agony.
You die...
Grinder says, "Now the real fun starts!"

#..#..
#.........# .#
###
#######.#####.#
#............#
##.####.#######
#..####.#
##..##...#
#......###
#.#...8...#
#....@..8P#
#.###5..8.##
#.....P.....
#.#.########
#.#... #.#####
..# #.# #.#


You could see Grinder.

Vanquished Creatures
  Crazy Yiuf (D:2)
  An adder (D:2)
  A dart slug (D:2)
  A ball python (D:2)
  5 endoplasms
  2 giant cockroaches
  4 hobgoblins
  4 kobolds
  2 quokkas
  2 bats (D:2)
  2 frilled lizards (D:2)
  A goblin (D:2)
  A quokka zombie (D:3)
  4 rats
31 creatures vanquished.

Notes
Turn   | Place    | Note
-------+----------+-------------------------------------------
     0 | D:1      | IdlyInterested the Demonspawn Wanderer began the quest for
                  | the Orb.
     0 | D:1      | IdlyInterested set off with the following items: a +2
                  | dagger, a curare-tipped dart, a +0 helmet, a potion of
                  | berserk rage, a +0 robe; and the following spell memorised:
                  | Shock; and the following spells available to memorise:
                  | Stone Arrow.
     0 | D:1      | Reached XP level 1. HP: 15/15 MP: 2/2
     7 | D:1      | Got a clothbound book
   267 | D:1      | Gained mutation: You are partially covered in rugged brown
                  | scales. (AC +1, +3% HP) [demonic ancestry]
   267 | D:1      | Reached XP level 2. HP: 16/22 MP: 3/3
   870 | D:2      | Gained mutation: You regenerate a little health from kills.
                  | [demonic ancestry]
   870 | D:2      | Reached XP level 3. HP: 27/28 MP: 4/4
   940 | D:2      | Reached skill level 4 in Throwing
  1045 | D:2      | Found a runed translucent door.
  1046 | D:2      | Noticed Crazy Yiuf
  1218 | D:2      | Killed Crazy Yiuf
  1385 | D:3      | Gained mutation: You are mostly covered in rugged brown
                  | scales. (AC +2, +5% HP) [demonic ancestry]
  1385 | D:3      | Reached XP level 4. HP: 29/36 MP: 5/5
  1490 | D:3      | Noticed Grinder
  1502 | D:3      | Paralysed by Grinder for 3 turns
  1508 | D:3      | Paralysed by Grinder for 5 turns
  1514 | D:3      | Slain by Grinder

Illustrated notes

Levels and vault maps discovered:
D:1:      dpeg_arrival_solitude, layout_rooms, nrook_mini_vaults,
          grunt_decor_fettered, chequers_mini_garden
D:2:      layout_rooms, uniq_crazy_yiuf_cottage
D:3:      layout_basic, serial_undead, serial_undead_a, serial_undead_f,
          serial_undead_e, serial_undead_e,
          shapermc_ecumenical_altar_hornbeckon, uniq_grinder

Skill      XL: |  1  2  3 |
---------------+----------+-----
Fighting       | 2 3 |  3.4
Throwing       | 4 |  4.0
Stealth        | 2 |  2.0
Spellcasting   | |  1.0
Conjurations   | |  2.0

Action                     |  1- 3 |  4- 6 || total
---------------------------+-------+-------++-------
  Melee: Dagger            |   101 |       ||   101
         Quarterstaff      |     5 |    15 ||    20
  Throw: Stone             |     6 |       ||     6
    Use: Scroll            |     2 |       ||     2
         Potion            |     1 |       ||     1
   Stab: Sleeping          |     2 |       ||     2
 Armour: Robe              |    62 |     3 ||    65
         Ring mail         |       |    11 ||    11
  Dodge: Dodged            |    54 |     6 ||    60

Table legend: (Time is in decaauts)
 A = Elapsed time spent in this place.
 B = Non-inter-level travel time spent in this place.
 C = Inter-level travel time spent in this place.
 D = Time resting spent in this place.
 E = Time spent auto-exploring this place.
 F = Levels seen in this place.
 G = Mean time per level.
                   A        B        C        D        E       F      G
               +--------+--------+--------+--------+--------+-----+--------+
         Total |   1529 |   1314 |    215 |     77 |    671 |   3 |  509.7 |
       Dungeon |   1529 |   1314 |    215 |     77 |    671 |   3 |  509.7 |
               +--------+--------+--------+--------+--------+-----+--------+

Top non-repeatable levels by time:
     D:2: 822 daAuts
     D:1: 550 daAuts
     D:3: 156 daAuts
